 Dungeon Crawl Stone Soup version 0.28-a0-1415-g7c84da036a (webtiles) character file.

Game seed: 12731134430547199784

474 kae the Changer (level 6, -1/47 HPs)
             Began as a Draconian Transmuter on Jan 7, 2022.
             Succumbed to a kobold brigand's poison
             ... in a sewer.
             The game lasted 00:02:27 (3779 turns).

kae the Changer (Draconian Transmuter)              Turns: 3779, Time: 00:02:27

Health: -1/47      AC:  6    Str: 12    XL:     6   Next: 84%
Magic:  9/11       EV: 12    Int: 16    God:
Gold:   104        SH:  0    Dex: 11    Spells: 4/12 levels left

rFire   . . .      SeeInvis .     - Unarmed
rCold   . . .      Faith    +   (no shield)
rNeg    . . .      Spirit   .   (armour unavailable)
rPois   .          Reflect  .   (helmet restricted)
rElec   .          Harm     .   (no cloak)
rCorr   .          Rampage  .   (no gloves)
Will    .....                   (no boots)
Stlth   +.........              b - amulet of faith
HPRegen 0.15/turn               (no ring)
MPRegen 0.12/turn               (no ring)

@: lethally poisoned (-1 -> -32), very slightly contaminated, slowed, very slow
A: AC +6, unfitting armour, cold-blooded
a: no special abilities


You were in a sewer.
You visited 1 branch of the dungeon, and saw 5 of its levels.
You also visited: Sewer.

You collected 104 gold pieces.

Inventory:

Jewellery
 b - an amulet of faith (around neck)
Scrolls
 d - a scroll of enchant weapon
 g - a scroll of magic mapping
Potions
 a - 3 potions of cancellation
 c - 2 potions of resistance
 f - a potion of flight {unknown}


   Skills:
 - Level 1.1 Fighting
 - Level 1.7 Dodging
 - Level 3.0 Unarmed Combat
 + Level 3.8 Spellcasting
 * Level 5.4 Transmutations
 * Level 2.9 Ice Magic
 - Level 1.0 Poison Magic


You had 4 spell levels left.
You knew the following spells:

 Your Spells              Type           Power      Damage    Failure   Level
a - Beastly Appendage     Tmut           40%        N/A       1%          1
b - Spider Form           Tmut/Pois      13%        N/A       14%         3
c - Ice Form              Ice/Tmut       16%        N/A       30%         4

Your spell library contained the following spells:

 Spells                   Type           Power      Damage    Failure   Level
 Wereblood                Tmut           20%        N/A       2%          2
 Ozocubu's Armour         Ice            12%        N/A       16%         3
 Stone Arrow              Conj/Erth      6%         3d7       45%         3
 Metabolic Englaciation   Hex/Ice        3%         N/A       95%         5
 Simulacrum               Ice/Necr       3%         N/A       100%        6
 Lehudib's Crystal Spear  Conj/Erth      1%         10d2      100%        8
 Animate Armour           Summ/Erth      Unusable   N/A       N/A         4

Dungeon Overview and Level Annotations

Branches:
Dungeon (6/15)              Sewer (1/1)
 Temple: D:4-7

Altars:
Vehumet

Shops:
D:2 [

Annotations:
D:3 1 runed translucent door
D:6 exclusion: iguana


Innate Abilities, Weirdness & Mutations

Your plain brown scales are hard. (AC +6)
You cannot fit into any form of body armour.
You are cold-blooded and may be slowed by cold attacks.


Message History

You miscast Spider Form.
You are very lightly contaminated with residual magic.
Nothing appears to happen.
The kobold brigand throws a poisoned dart.
The poisoned dart hits you!
You are poisoned.
You enter the shallow water.
Moving in this stuff is going to be slow.
You feel very sick.
The kobold brigand throws a poisoned dart.
The poisoned dart hits you!
You are more poisoned.
A rat and a kobold brigand come into view.
The kobold brigand is wielding a +0 dagger and quivering curare-tipped darts.
You feel very sick.
The kobold brigand shouts!
The kobold brigand throws a curare-tipped dart.
The curare-tipped dart closely misses you.
You feel very sick.
The kobold brigand throws a poisoned dart.
The poisoned dart closely misses you.
Okay, then.
As you read the scroll of teleportation, it crumbles to dust.
You feel strangely unstable.
You feel sick.
You feel sick.
The kobold brigand hits you with a +0 dagger.
The kobold brigand closely misses you.
You feel sick.
The kobold throws a stone.
The stone closely misses you.
The kobold brigand throws a curare-tipped dart.
The curare-tipped dart hits you.
You are more poisoned.
You have difficulty breathing.
* * * LOW HITPOINT WARNING * * *
You feel yourself slow down.
The kobold brigand throws a poisoned dart.
The poisoned dart hits you!
You are more poisoned.
Your surroundings seem slightly different.
Splash!
You die...

#≈≈.≈≈# #≈ ##.≈.## ## #.≈.#
# #.≈.# # #≈≈.## ## ###
#≈.≈.## ##. .≈K≈.#####
#≈≈≈≈.#####..
#≈≈≈≈≈########≈≈.≈.≈≈≈≈≈≈
.K≈≈.###≈≈.@≈≈≈####≈≈≈..≈≈≈≈
### #K≈K≈≈≈≈.# ##..≈≈..≈#
.r≈≈≈###≈.≈§≈.≈≈####≈.≈.≈..#
#≈r≈≈≈####.≈≈≈##≈≈..≈...≈
.≈K≈K##### ##..≈≈≈≈....≈..≈
### ##≈≈....≈.≈..≈.
#≈.≈..........
#≈≈≈≈≈≈.∩.∩.≈≈
#≈≈..≈≈.......


You could see a kobold brigand and a kobold.

Vanquished Creatures
  4 kobold brigands (Sewer)
  A bullfrog zombie (D:6)
  2 orc wizards (D:5)
  5 adders
  3 worms
  A dart slug (D:1)
  2 orcs (D:5)
  9 ball pythons
  4 endoplasms
  2 giant cockroaches (D:2)
  4 goblins (D:1)
  A hobgoblin (D:2)
  6 kobolds (Sewer)
  2 quokkas (D:1)
  2 bats
  A frilled lizard (D:1)
  9 rats
58 creatures vanquished.

Notes
Turn   | Place    | Note
-------+----------+-------------------------------------------
     0 | D:1      | kae the Draconian Transmuter began the quest for the Orb.
     0 | D:1      | Reached XP level 1. HP: 16/16 MP: 3/3
   288 | D:1      | Found a faded altar of an unknown god.
   295 | D:1      | Reached XP level 2. HP: 23/23 MP: 3/5
   874 | D:2      | Found a radiant altar of Vehumet.
   915 | D:2      | Reached skill level 3 in Transmutations
   915 | D:2      | Reached XP level 3. HP: 28/28 MP: 6/6
   919 | D:2      | Learned a level 3 spell: Spider Form
  1000 | D:2      | Found Huschohu's Armour Shoppe.
  1818 | D:3      | Found a runed translucent door.
  1818 | D:3      | You fall into a shaft and drop 3 floors!
  1835 | D:6      | Reached skill level 1 in Poison Magic
  1835 | D:6      | Reached XP level 4. HP: 19/35 MP: 6/8
  1844 | D:5      | Entered Level 5 of the Dungeon
  2033 | D:5      | Reached skill level 4 in Transmutations
  2055 | D:5      | Found a glowing drain.
  2118 | Sewer    | Entered a sewer
  2146 | Sewer    | Reached XP level 5. HP: 40/40 MP: 5/9
  2201 | Sewer    | Learned a level 4 spell: Ice Form
  2508 | Sewer    | Reached skill level 1 in Ice Magic
  2814 | Sewer    | Reached skill level 5 in Transmutations
  2814 | Sewer    | Reached XP level 6. HP: 16/47 MP: 9/11
  3779 | Sewer    | Succumbed to a kobold brigand's poison

Illustrated notes

Levels and vault maps discovered:
D:1:      dpeg_arrival_boxorama, layout_basic, ebering_ecumenical_altar_rust,
          minmay_misc_feat_more_columns, serial_park_tiny_1
D:2:      layout_rooms, serial_shops, shop, basic_altar, eino_curves_04
D:3:      layout_loops_corners, nicolae_gozag_seed_capital,
          corexii_corridor_pit, fountainhead, uniq_crazy_yiuf_cottage,
          uniq_natasha
D:5:      layout_basic, portal_sewer_entry_b, hex_medium
D:6:      layout_basic, minmay_temple_entry_poolview, serial_shops, shop
Sewer:    sewer_co_tree

Skill      XL: |  1  2  3  4  5 |
---------------+----------------+-----
Transmutations | 3 4 5 |  5.4
Poison Magic   | 1 |  1.0
Spellcasting   | 3 |  3.8
Ice Magic      | 2 |  2.9
Fighting       | |  1.1
Dodging        | |  1.7
Unarmed Combat | |  3.0

Action                   |  1- 3 |  4- 6 || total
-------------------------+-------+-------++-------
Melee: Unarmed           |    83 |   141 ||   224
       Kick              |    12 |       ||    12
       Headbutt          |    11 |       ||    11
       Tailslap          |     7 |     2 ||     9
       Punch             |     2 |       ||     2
 Cast: Beastly Appendage |    24 |       ||    24
       Spider Form       |       |    18 ||    18
  Use: Scroll            |     6 |     4 ||    10
       Potion            |       |     2 ||     2
Armor: Skin              |    26 |     8 ||    34
Dodge: Dodged            |    51 |   103 ||   154

Table legend: (Time is in decaauts)
 A = Elapsed time spent in this place.
 B = Non-inter-level travel time spent in this place.
 C = Inter-level travel time spent in this place.
 D = Time resting spent in this place.
 E = Time spent auto-exploring this place.
 F = Levels seen in this place.
 G = Mean time per level.
                   A        B        C        D        E       F      G
               +--------+--------+--------+--------+--------+-----+--------+
         Total |   3911 |   3834 |     77 |     71 |   3154 |   6 |  651.8 |
       Dungeon |   2113 |   2036 |     77 |     53 |   1637 |   5 |  422.6 |
         Sewer |   1797 |   1797 |      0 |     18 |   1517 |   1 | 1797.0 |
               +--------+--------+--------+--------+--------+-----+--------+

Top non-repeatable levels by time:
   Sewer: 1797 daAuts
     D:1: 850 daAuts
     D:2: 792 daAuts
     D:5: 182 daAuts
     D:3: 169 daAuts
     D:6: 118 daAuts
